AoeStats
← Nachin

Arabia

508128527Analyzed
2v2 RM · 13d ago on Sep 21, 2026· 27m 35s· 4 players
Game mode
Random Map
Map size
Medium (4 player)
Population
200
Speed
Normal
Resources
Standard
Victory
Conquest
Starting age
Dark Age
Ending age
Imperial Age
RankedLock teamsTeams togetherTeam positionsShared explorationLock speedFull tech treeHidden civsTurbo modeCheats
Victory
Defeat
🇦🇷 Lithuanians · Argentina
1275
+14
🇨🇴 Tupi · Colombia
1232
+16
🇺🇾 Turks · Uruguay
1255
-16
🇺🇾 Byzantines · Uruguay
1216
-14
Muten
6:17 Loom
8:55 Feudal Age
10:49 Double-Bit Axe
15:23 Horse Collar
16:54 Wheelbarrow
21:21 Castle Age
20:32 Forging
20:28 Scale Barding Armor
20:35 Bloodlines
20:21 Gold Mining
22:04 Husbandry
22:27 Chain Barding Armor
22:42 Iron Casting
23:46 Bow Saw
26:48 Iron Casting
Cafernaun
11:19 Feudal Age
11:24 Champi Runner
13:19 Loom
13:21 Double-Bit Axe
13:18 Horse Collar
21:13 Castle Age
19:25 Gold Mining
19:33 Stone Mining
23:35 Bow Saw
23:26 Heavy Plow
24:00 Fletching
26:04 Wheelbarrow
26:09 Gold Shaft Mining
26:11 Padded Archer Armor
27:39 Leather Archer Armor
28:04 Ballistics
Nachin
6:11 Loom
9:02 Feudal Age
10:22 Double-Bit Axe
19:10 Horse Collar
25:57 Castle Age
24:01 Gold Mining
24:18 Fletching
25:48 Scale Barding Armor
26:11 Padded Archer Armor
26:45 Bodkin Arrow
26:20 Elite Skirmisher
TinFit
6:45 Loom
9:15 Feudal Age
10:36 Double-Bit Axe
19:41 Horse Collar
21:14 Scale Barding Armor
21:23 Forging
22:06 Bloodlines
27:20 Fletching
Connection lost

Rejoining the realm…

Still unreachable

The connection could not be restored.

Session expired

The server has moved on; the page needs a fresh start.